 Dungeon Crawl Stone Soup version 0.26-a0-670-g578ab304f5 (webtiles) character file.

Game seed: 9080432618953195681

254 PentaManta the Ruffian (level 6, 0/51 HPs)
             Began as a Ghoul Fighter on Oct 19, 2020.
             Slain by Menkaure (18 damage)
             ... on level 4 of the Dungeon.
             The game lasted 00:04:00 (2703 turns).

PentaManta the Ruffian (Ghoul Fighter)              Turns: 2703, Time: 00:04:01

Health: 0/51       AC:  6    Str: 22    XL:     6   Next: 15%
Magic:  5/5        EV:  7    Int:  3    God:
Gold:   141        SH:  8    Dex:  8    Spells: 5/5 levels left

rFire    . . .     SeeInvis .     - Unarmed
rCold    + + +     Faith    .   b - +0 kite shield
rNeg     + + +     Spirit   .   a - +0 scale mail
rPois    ∞         Reflect  .   (no helmet)
rElec    .         Harm     .   (no cloak)
rCorr    .         Rampage  .   (no gloves)
MR       .....                  (no boots)
Stlth    ..........             (no amulet)
HPRegen  0.00/turn              i - ring of protection from cold
MPRegen  0.09/turn              k - ring of protection from cold

@: no status effects
A: rotting body, claws 1, cold resistance 1, negative energy resistance 3,
inhibited regeneration, torment resistance, unbreathing
a: no special abilities


You were on level 4 of the Dungeon.
You visited 1 branch of the dungeon, and saw 4 of its levels.

You collected 141 gold pieces.

Inventory:

Hand Weapons
 m - a +1 whip of flaming
Armour
 a - a +0 scale mail (worn)
 b - a +0 kite shield (worn)
Jewellery
 i - a ring of protection from cold (left claw)
 k - a ring of protection from cold (right claw)
Scrolls
 c - a scroll of random uselessness {unknown}
 d - 3 scrolls of remove curse {unknown}
 e - 4 scrolls of identify {unknown}
 h - a scroll of amnesia {unknown}
 l - a scroll of magic mapping {unknown}
 o - a scroll of fog {unknown}
 p - 2 scrolls of enchant armour {unknown}
Potions
 f - 2 potions of lignification {unknown}
 g - a potion of curing
 j - 2 potions of berserk rage {unknown}
 n - a potion of stabbing {unknown}
 q - a potion of haste {unknown}
 r - a potion of heal wounds {unknown}


   Skills:
 - Level 3.2 Fighting
 - Level 2.6 Armour
 - Level 2.6 Shields
 + Level 6.9 Unarmed Combat


You had 5 spell levels left.
You didn't know any spells.
Your spell library was empty.

Dungeon Overview and Level Annotations

Branches:
Dungeon (4/15)
 Temple: D:4-7

Altars:
Ashenzari
Fedhas
Gozag
Okawaru
Vehumet
Wu Jian

Annotations:
D:4 Menkaure


Innate Abilities, Weirdness & Mutations

Your body is rotting away.
You thrive by killing the living.
You are immune to poison.
You have sharp fingernails.
Your flesh is cold resistant. (rC+)
You are immune to negative energy. (rN+++)
You do not regenerate when monsters are visible.
You are immune to unholy pain and torment.
You can survive without breathing.


Message History

You scratch Menkaure but do no damage.
Menkaure is heavily damaged.
Menkaure hits you!!
You scratch Menkaure but do no damage.
Menkaure is heavily damaged.
Menkaure hits you but does no damage.
You scratch Menkaure but do no damage.
Menkaure is heavily damaged.
You block Menkaure's attack.
You barely miss Menkaure.
Menkaure is heavily damaged.
Menkaure hits you. You block Menkaure's attack.
You aren't carrying any items that you can evoke.
You claw Menkaure!
Menkaure is severely damaged.
You block Menkaure's attack.
You scratch Menkaure but do no damage.
Menkaure is severely damaged.
Menkaure hits you!!
You die...

####+# #### ......##+#
.... .......... ....
.......... #..
..........
##..###########+##....
#............#...#....
#............#...#....
#...M@.......'...#....
#............#...#.!..
#............#...#....
#######+######'###....
...............
...............
...............
...............
...........[...


You could see Menkaure (fast).

Vanquished Creatures
  2 orc priests (D:3)
  A hound (D:4)
  2 orc wizards (D:3)
  A worker ant (D:4)
  A gnoll (D:1)
  2 adders (D:4)
  4 worms
  5 orcs (D:3)
  2 giant cockroaches
  5 goblins
  5 hobgoblins
  4 jackals (D:1)
  9 bats
  2 frilled lizards
  6 kobolds
  6 rats
57 creatures vanquished.

Notes
Turn   | Place    | Note
-------+----------+-------------------------------------------
     0 | D:1      | PentaManta the Ghoul Fighter began the quest for the Orb.
     0 | D:1      | Reached XP level 1. HP: 19/19 MP: 0/0
    63 | D:1      | Reached skill level 3 in Unarmed Combat
    63 | D:1      | Reached XP level 2. HP: 16/26 MP: 1/1
   454 | D:1      | Reached XP level 3. HP: 31/31 MP: 2/2
   666 | D:1      | Reached skill level 4 in Unarmed Combat
   991 | D:2      | You fall into a shaft and drop 2 floors!
   995 | D:4      | Found a broken altar of Ashenzari.
   999 | D:4      | Found a blossoming altar of Fedhas.
   999 | D:4      | Found a radiant altar of Vehumet.
   999 | D:4      | Found an iron altar of Okawaru.
  1001 | D:4      | Found an ornate altar of the Wu Jian Council.
  1001 | D:4      | Found an opulent altar of Gozag.
  1768 | D:4      | HP: 1/31 [adder (1)]
  1776 | D:4      | Reached XP level 4. HP: 27/38 MP: 3/3
  1780 | D:4      | Reached skill level 5 in Unarmed Combat
  1796 | D:4      | Reached XP level 5. HP: 36/45 MP: 4/4
  1899 | D:3      | Reached skill level 6 in Unarmed Combat
  2189 | D:3      | Reached XP level 6. HP: 24/51 MP: 5/5
  2689 | D:4      | Noticed Menkaure
  2703 | D:4      | Slain by Menkaure

Illustrated notes

Levels and vault maps discovered:
D:1:      saegor_arrival_simple_c, layout_loops_ring
D:2:      layout_basic
D:3:      layout_basic, dk_vineyard_2, minmay_tree_intersection,
          grunt_decor_one_mirror, kennysheep_generic_room_12
D:4:      layout_gridville, grunt_temple_overflow_open, uniq_menkaure

Skill      XL: |  1  2  3  4  5 |
---------------+----------------+-----
Unarmed Combat | 3 4 5 6 |  6.9
Fighting       | |  3.2
Armour         | |  2.6
Shields        | |  2.6

Action                   |  1- 3 |  4- 6 || total
-------------------------+-------+-------++-------
Melee: Unarmed           |   113 |    71 ||   184
  Use: Potion            |     5 |       ||     5
Armor: Scale mail        |    43 |    28 ||    71
Dodge: Dodged            |    30 |    15 ||    45
Block: Kite shield       |    52 |    23 ||    75

Table legend: (Time is in decaauts)
 A = Elapsed time spent in this place.
 B = Non-inter-level travel time spent in this place.
 C = Inter-level travel time spent in this place.
 D = Time resting spent in this place.
 E = Time spent auto-exploring this place.
 F = Levels seen in this place.
 G = Mean time per level.
                   A        B        C        D        E       F      G
               +--------+--------+--------+--------+--------+-----+--------+
         Total |   2704 |   2572 |    132 |      0 |   2155 |   4 |  676.0 |
       Dungeon |   2704 |   2572 |    132 |      0 |   2155 |   4 |  676.0 |
               +--------+--------+--------+--------+--------+-----+--------+

Top non-repeatable levels by time:
     D:3: 1012 daAuts
     D:2: 800 daAuts
     D:1: 761 daAuts
     D:4: 129 daAuts
